| TOP OF THE 1ST |
|
Portland Beavers batting - Pitching for Phoenix Giants : RHP Tom Owens
|
|
Pitching: RHP Tom Owens
|
|
|
Batting: SHB Wally Backman
|
0-0: Ball 1-0: Called Strike 1-1: Foul Ball, location: 2F 1-2: Foul Ball, location: 2F 1-2: SINGLE (Groundball, 4MD, EV 100.0 MPH)
|
|
Batting: LHB Mike Gates
|
0-0: Called Strike Wally Backman is caught stealing 2nd base 2-6 0-1: Foul Ball, location: 2F 0-2: Ball 1-2: Ball 2-2: Fly out, F4 (Flyball, 4D, EV 80.6 MPH)
|
|
Batting: RHB Glenn Davis
|
0-0: Ball 1-0: SINGLE (Line Drive, 8LS, EV 106.9 MPH)
|
|
Batting: LHB Andre David
|
0-0: Ball 1-0: Ball 2-0: Foul Ball, location: 2F 2-1: Swinging Strike 2-2: Ground out 4-3 (Groundball, 34D, EV 101.9 MPH)
|
| Top of the 1st over - 0 runs, 2 hits, 0 errors, 1 left on base; Portland 0 - Phoenix 0 |
| BOTTOM OF THE 1ST |
|
Phoenix Giants batting - Pitching for Portland Beavers : RHP Kenneth Shea
|
|
Pitching: RHP Kenneth Shea
|
|
|
Batting: LHB Ernie Riles
|
0-0: Ball 1-0: Foul Ball, location: 2F 1-1: Ball 2-1: SINGLE (Line Drive, 8LS, EV 91.9 MPH)
|
|
Batting: LHB Raymond Rivas
|
0-0: Fly out, F9 (Flyball, 9LS, EV 86.9 MPH)
|
|
Batting: SHB John Macauley
|
0-0: Ball 1-0: Fly out, F5 (Popup, 5, EV 75.0 MPH)
|
|
Batting: RHB Billy L Smith
|
0-0: Ball 1-0: Foul Ball, location: 2F 1-1: Called Strike 1-2: Foul Ball, location: 2F 1-2: Strikes out looking
|
| Bottom of the 1st over - 0 runs, 1 hit, 0 errors, 1 left on base; Portland 0 - Phoenix 0 |
| TOP OF THE 2ND |
|
Portland Beavers batting - Pitching for Phoenix Giants : RHP Tom Owens
|
|
Batting: RHB Martinho Varandas
|
0-0: SINGLE (Groundball, 4M, EV 90.0 MPH) (infield hit)
|
|
Batting: RHB Skeeter Barnes
|
0-0: DOUBLE (Flyball, 89XD, EV 110.6 MPH) Martinho Varandas to third
|
|
Batting: RHB Pepe Mangual
|
0-0: Foul Ball, location: 2F 0-1: Swinging Strike 0-2: Ball 1-2: Strikes out swinging
|
|
Batting: RHB Kevin Buckley
|
0-0: Ball 1-0: Foul Ball, location: 2F 1-1: Ball 2-1: Foul Ball, location: 2F 2-2: Ball 3-2: Fly out, F8 (Flyball, 89M, EV 88.8 MPH)
|
|
Batting: LHB Pat Sheridan
|
0-0: Called Strike 0-1: Ball 1-1: Ball 2-1: Ground out 1-3 (Groundball, 15S, EV 70.0 MPH)
|
| Top of the 2nd over - 0 runs, 2 hits, 0 errors, 2 left on base; Portland 0 - Phoenix 0 |
| BOTTOM OF THE 2ND |
|
Phoenix Giants batting - Pitching for Portland Beavers : RHP Kenneth Shea
|
|
Batting: LHB Bobby V Mitchell
|
0-0: Ground out 6-3 (Groundball, 6, EV 89.4 MPH)
|
|
Batting: RHB Paul Zuvella
|
0-0: Called Strike 0-1: Called Strike 0-2: Strikes out swinging
|
|
Batting: LHB Joseph Bruno
|
0-0: Foul Ball, location: 2F 0-1: Ball 1-1: Foul Ball, location: 2F 1-2: Ball 2-2: Ball 3-2: Fly out, F8 (Flyball, 78D, EV 87.5 MPH)
|
| Bottom of the 2nd over - 0 runs, 0 hits, 0 errors, 0 left on base; Portland 0 - Phoenix 0 |
| TOP OF THE 3RD |
|
Portland Beavers batting - Pitching for Phoenix Giants : RHP Tom Owens
|
|
Batting: SHB Wally Backman
|
0-0: Foul Ball, location: 2F 0-1: Called Strike 0-2: Ball 1-2: Strikes out swinging
|
|
Batting: LHB Mike Gates
|
0-0: Foul Ball, location: 2F 0-1: Called Strike 0-2: Foul Ball, location: 2F 0-2: Ball 1-2: Strikes out swinging
|
|
Batting: RHB Glenn Davis
|
0-0: Ball 1-0: Ground out 5-3 (Groundball, 56, EV 105.6 MPH)
|
| Top of the 3rd over - 0 runs, 0 hits, 0 errors, 0 left on base; Portland 0 - Phoenix 0 |
| BOTTOM OF THE 3RD |
|
Phoenix Giants batting - Pitching for Portland Beavers : RHP Kenneth Shea
|
|
Batting: SHB Razor Shines
|
0-0: Foul Ball, location: 2F 0-1: Foul Ball, location: 2F 0-2: Strikes out swinging
|
|
Batting: LHB Glenn Arnett
|
0-0: Ball 1-0: Foul Ball, location: 2F 1-1: Ball 2-1: Foul Ball, location: 2F 2-2: Ball 3-2: Strikes out swinging
|
|
Batting: LHB Ernie Riles
|
0-0: Ball 1-0: Ground out U3 (Groundball, 3, EV 92.5 MPH)
|
| Bottom of the 3rd over - 0 runs, 0 hits, 0 errors, 0 left on base; Portland 0 - Phoenix 0 |
| TOP OF THE 4TH |
|
Portland Beavers batting - Pitching for Phoenix Giants : RHP Tom Owens
|
|
Batting: LHB Andre David
|
0-0: Ball 1-0: Called Strike 1-1: Called Strike 1-2: Ball 2-2: Foul Ball, location: 2F 2-2: Strikes out swinging
|
|
Batting: RHB Martinho Varandas
|
0-0: Called Strike 0-1: Ground out 6-3 (Groundball, 6, EV 83.8 MPH)
|
|
Batting: RHB Skeeter Barnes
|
0-0: Ball 1-0: Ball 2-0: Swinging Strike 2-1: Fly out, F8 (Line Drive, 8RM, EV 89.4 MPH)
|
| Top of the 4th over - 0 runs, 0 hits, 0 errors, 0 left on base; Portland 0 - Phoenix 0 |
| BOTTOM OF THE 4TH |
|
Phoenix Giants batting - Pitching for Portland Beavers : RHP Kenneth Shea
|
|
Batting: LHB Raymond Rivas
|
0-0: Called Strike 0-1: Ball 1-1: Called Strike 1-2: Ball 2-2: Ball 3-2: Ground out 6-3 (Groundball, 6, EV 99.4 MPH)
|
|
Batting: SHB John Macauley
|
0-0: Ball 1-0: Foul Ball, location: 2F 1-1: Ball 2-1: Foul Ball, location: 2F 2-2: Fly out, F7 (Line Drive, 7D, EV 96.3 MPH)
|
|
Batting: RHB Billy L Smith
|
0-0: Ball 1-0: Foul Ball, location: 2F 1-1: Called Strike 1-2: Strikes out swinging
|
| Bottom of the 4th over - 0 runs, 0 hits, 0 errors, 0 left on base; Portland 0 - Phoenix 0 |
| TOP OF THE 5TH |
|
Portland Beavers batting - Pitching for Phoenix Giants : RHP Tom Owens
|
|
Batting: RHB Pepe Mangual
|
0-0: Called Strike 0-1: Called Strike 0-2: Ball 1-2: Ball 2-2: Strikes out looking
|
|
Batting: RHB Kevin Buckley
|
0-0: Foul Ball, location: 2F 0-1: Swinging Strike 0-2: Ball 1-2: Strikes out swinging
|
|
Batting: LHB Pat Sheridan
|
0-0: Called Strike 0-1: Foul Ball, location: 2F 0-2: Strikes out swinging
|
| Top of the 5th over - 0 runs, 0 hits, 0 errors, 0 left on base; Portland 0 - Phoenix 0 |
| BOTTOM OF THE 5TH |
|
Phoenix Giants batting - Pitching for Portland Beavers : RHP Kenneth Shea
|
|
Batting: LHB Bobby V Mitchell
|
0-0: Ball 1-0: Ground out 5-3 (Groundball, 56, EV 104.4 MPH)
|
|
Batting: RHB Paul Zuvella
|
0-0: Ball 1-0: Called Strike 1-1: Called Strike 1-2: Fly out, F8 (Flyball, 78M, EV 75.0 MPH)
|
|
Batting: LHB Joseph Bruno
|
0-0: Ball 1-0: Ball 2-0: Ball 3-0: Called Strike 3-1: Called Strike 3-2: Base on Balls
|
|
Batting: SHB Razor Shines
|
0-0: Ball 1-0: Fly out, F9 (Line Drive, 9, EV 105.6 MPH)
|
| Bottom of the 5th over - 0 runs, 0 hits, 0 errors, 1 left on base; Portland 0 - Phoenix 0 |
| TOP OF THE 6TH |
|
Portland Beavers batting - Pitching for Phoenix Giants : RHP Tom Owens
|
|
Batting: SHB Wally Backman
|
0-0: Called Strike 0-1: Ball 1-1: Foul Ball, location: 2F 1-2: Ball 2-2: Ground out 5-3 (Groundball, 56, EV 88.8 MPH)
|
|
Batting: LHB Mike Gates
|
0-0: Ball 1-0: Ground out U3 (Groundball, 3L, EV 103.8 MPH)
|
|
Batting: RHB Glenn Davis
|
0-0: Called Strike 0-1: Fly out, F9 (Flyball, 9, EV 89.4 MPH)
|
| Top of the 6th over - 0 runs, 0 hits, 0 errors, 0 left on base; Portland 0 - Phoenix 0 |
| BOTTOM OF THE 6TH |
|
Phoenix Giants batting - Pitching for Portland Beavers : RHP Kenneth Shea
|
|
Batting: LHB Glenn Arnett
|
0-0: Foul Ball, location: 2F 0-1: Called Strike 0-2: Ball 1-2: Ball 2-2: Ball 3-2: Base on Balls
|
|
Batting: LHB Ernie Riles
|
0-0: Foul Ball, location: 2F 0-1: Fly out, F7 (Flyball, 7LM, EV 82.5 MPH)
|
|
Batting: LHB Raymond Rivas
|
0-0: Fielders Choice at 2nd, 5-4 (Groundball, 56S, EV 76.9 MPH)
|
|
Batting: SHB John Macauley
|
0-0: Ball 1-0: Ground out 4-3 (Groundball, 4, EV 84.4 MPH)
|
| Bottom of the 6th over - 0 runs, 0 hits, 0 errors, 1 left on base; Portland 0 - Phoenix 0 |
| TOP OF THE 7TH |
|
Portland Beavers batting - Pitching for Phoenix Giants : RHP Tom Owens
|
|
Batting: LHB Andre David
|
0-0: Foul Ball, location: 2F 0-1: SINGLE (Groundball, 6S, EV 70.0 MPH) (infield hit)
|
|
Batting: RHB Martinho Varandas
|
0-0: Called Strike 0-1: Ball Wild Pitch! Andre David to second 1-1: Foul Ball, location: 2F 1-2: Foul Ball, location: 2F 1-2: Fly out, F8 (Flyball, 8RD, EV 107.5 MPH)
|
|
Batting: RHB Skeeter Barnes
|
0-0: Intentional Walk
|
|
Batting: RHB Pepe Mangual
|
0-0: Ball 1-0: Ball 2-0: Foul Ball, location: 2F 2-1: Foul Ball, location: 2F 2-2: Strikes out swinging
|
|
Batting: RHB Kevin Buckley
|
0-0: Called Strike 0-1: Foul Ball, location: 2F 0-2: Ball 1-2: Foul Ball, location: 2F 1-2: Ball 2-2: Ground out 5-3 (Groundball, 56S, EV 81.3 MPH)
|
| Top of the 7th over - 0 runs, 1 hit, 0 errors, 2 left on base; Portland 0 - Phoenix 0 |
| BOTTOM OF THE 7TH |
|
Phoenix Giants batting - Pitching for Portland Beavers : RHP Kenneth Shea
|
|
Batting: RHB Billy L Smith
|
0-0: Foul Ball, location: 2F 0-1: Foul Ball, location: 2F 0-2: Foul Ball, location: 2F 0-2: Strikes out swinging
|
|
Batting: LHB Bobby V Mitchell
|
0-0: Called Strike 0-1: Ball 1-1: Foul Ball, location: 2F 1-2: Ball 2-2: Ball 3-2: Foul Ball, location: 2F 3-2: Ground out 6-3 (Groundball, P, EV 78.1 MPH)
|
|
Batting: RHB Paul Zuvella
|
0-0: Called Strike 0-1: Ground out 3-1 (Groundball, 34S, EV 83.1 MPH)
|
| Bottom of the 7th over - 0 runs, 0 hits, 0 errors, 0 left on base; Portland 0 - Phoenix 0 |
| TOP OF THE 8TH |
|
Portland Beavers batting - Pitching for Phoenix Giants : RHP Tom Owens
|
|
Batting: LHB Pat Sheridan
|
0-0: Ground out 4-3 (Groundball, 4, EV 86.3 MPH)
|
|
Batting: SHB Wally Backman
|
0-0: Ball 1-0: Ball 2-0: Swinging Strike 2-1: Called Strike 2-2: Strikes out swinging
|
|
Batting: LHB Mike Gates
|
0-0: Called Strike 0-1: DOUBLE (Line Drive, 7LM, EV 106.9 MPH)
|
|
Batting: RHB Glenn Davis
|
0-0: Ball 1-0: Foul Ball, location: 2F 1-1: Foul Ball, location: 2F 1-2: Ball 2-2: Fly out, F4 (Popup, 4M, EV 63.1 MPH)
|
| Top of the 8th over - 0 runs, 1 hit, 0 errors, 1 left on base; Portland 0 - Phoenix 0 |
| BOTTOM OF THE 8TH |
|
Phoenix Giants batting - Pitching for Portland Beavers : RHP Kenneth Shea
|
|
Batting: LHB Joseph Bruno
|
0-0: Foul Ball, location: 2F 0-1: Fly out, F8 (Flyball, 8LD, EV 100.6 MPH)
|
|
Batting: SHB Razor Shines
|
0-0: Called Strike 0-1: Ball 1-1: Ground out 4-3 (Groundball, 34D, EV 104.4 MPH)
|
|
Batting: LHB Glenn Arnett
|
0-0: Ball 1-0: Ground out 6-3 (Groundball, 6, EV 84.4 MPH)
|
| Bottom of the 8th over - 0 runs, 0 hits, 0 errors, 0 left on base; Portland 0 - Phoenix 0 |
| TOP OF THE 9TH |
|
Portland Beavers batting - Pitching for Phoenix Giants : RHP Tom Owens
|
|
Pitching: RHP Charles Davis
|
|
|
Batting: LHB Andre David
|
0-0: Called Strike 0-1: Ball 1-1: Foul Ball, location: 2F 1-2: Foul Ball, location: 2F 1-2: Foul Ball, location: 2F 1-2: Ball 2-2: Ground out 3-1 (Groundball, 34, EV 101.9 MPH)
|
|
Batting: RHB Martinho Varandas
|
0-0: Ball 1-0: Ball 2-0: Foul Ball, location: 2F 2-1: Foul Ball, location: 2F 2-2: Strikes out swinging
|
|
Batting: RHB Skeeter Barnes
|
0-0: Ball 1-0: Foul Ball, location: 2F 1-1: Foul Ball, location: 2F 1-2: Fly out, F2 (Popup, 25F, EV 88.1 MPH)
|
| Top of the 9th over - 0 runs, 0 hits, 0 errors, 0 left on base; Portland 0 - Phoenix 0 |
| BOTTOM OF THE 9TH |
|
Phoenix Giants batting - Pitching for Portland Beavers : RHP Kenneth Shea
|
|
Batting: LHB Ernie Riles
|
0-0: Ball 1-0: Called Strike 1-1: DOUBLE (Flyball, 78XD, EV 115.0 MPH)
|
|
Batting: LHB Raymond Rivas
|
0-0: Ball 1-0: Foul Ball, location: 2F 1-1: Fly out, F7 (Line Drive, 7D, EV 85.0 MPH)
|
|
Batting: SHB John Macauley
|
0-0: Intentional Walk
|
|
Batting: RHB Billy L Smith
|
0-0: Called Strike Ernie Riles steals 3rd base 0-1: Ball 1-1: Reached via error on a dropped throw from SS, E2 (Groundball, 56, EV 101.9 MPH) Ernie Riles scores
|
| Bottom of the 9th over - 1 run, 1 hit, 1 error, 0 left on base; Portland 0 - Phoenix 1 |
|